AoeStats
← BSHammer

Arena

508568916Analyzed
4v4 RM · 10d ago on Sep 23, 2026· 87m 42s· 8 players
Game mode
Random Map
Map size
Large (8 player)
Population
200
Speed
Normal
Resources
Standard
Victory
Conquest
Starting age
Dark Age
Ending age
Imperial Age
RankedLock teamsTeams togetherTeam positionsShared explorationLock speedFull tech treeHidden civsTurbo modeCheats
Victory
Defeat
🇺🇸 Danes · United States
1596
+10
🇮🇳 Varangians · India
1552
+12
🇺🇸 Saxons · United States
1537
+12
🇺🇸 Saxons · United States
1533
+12
🇦🇷 Armenians · Argentina
1553
-15
🇲🇽 Teutons · Mexico
1495
-13
🇨🇴 Persians · Colombia
1406
-10
🇺🇸 Mongols · United States
1360
-8
BSHammer
7:19 Loom
9:16 Feudal Age
11:09 Fletching
17:11 Castle Age
22:01 Bodkin Arrow
26:00 Scale Mail Armor
28:48 Chain Mail Armor
33:17 Forging
35:56 Iron Casting
35:50 Clerical Recruitment
38:30 Sanctity
48:03 Pikeman
55:56 Squires
59:09 Pikeman
59:48 Arson
60:08 Gambesons
62:48 Caravan
63:42 Horse Collar
63:48 Double-Bit Axe
66:02 Wheelbarrow
65:13 Town Watch
71:02 Imperial Age
68:50 Man-at-Arms
69:46 Long Swordsman
70:48 Hand Cart
71:31 Bow Saw
72:14 Plate Mail Armor
72:01 Halberdier
72:57 Two-Handed Swordsman
77:35 Conscription
77:08 Shield Wall
79:24 Champion
83:01 Guilds
83:29 Guard Tower
83:26 Arrowslits
84:48 Keep
84:58 Bracer
86:01 Chemistry
85:27 Ballistics
85:42 Masonry
85:14 Treadmill Crane
88:30 Hoardings
87:26 Sappers
Lucas Ducas
9:40 Feudal Age
13:50 Castle Age
12:23 Double-Bit Axe
12:24 Horse Collar
15:38 Loom
15:52 Town Watch
22:38 Wheelbarrow
23:12 Bow Saw
24:27 Arson
24:56 Forging
25:00 Heavy Plow
25:18 Scale Mail Armor
26:49 Squires
28:32 Hand Cart
28:22 Gold Mining
28:23 Stone Mining
29:06 Chain Mail Armor
28:54 Hamask
30:53 Iron Casting
33:31 Imperial Age
32:58 Town Watch
34:28 Gold Shaft Mining
34:41 Conscription
34:52 Plate Mail Armor
35:31 Blast Furnace
34:20 Elite Jomsviking
36:19 Fletching
36:18 Cranequins
37:48 Bodkin Arrow
37:21 Heavy Mounted Crossbowman
38:30 Thumb Ring
39:20 Hoardings
38:47 Bracer
39:08 Ballistics
41:22 Chemistry
40:34 Masonry
41:01 Pikeman
42:06 Murder Holes
42:17 Siege Engineers
41:54 Halberdier
43:48 Onager
44:35 Siege Engineers
45:07 Northmen's Fury
45:18 Siege Onager
49:42 Bloodlines
49:32 Husbandry
51:04 Padded Archer Armor
53:32 Leather Archer Armor
58:41 Caravan
61:16 Ring Archer Armor
67:43 Elite Skirmisher
74:40 Light Cavalry
79:29 Scale Barding Armor
81:32 Chain Barding Armor
85:33 Plate Barding Armor
88:44 Coinage
23
9:34 Feudal Age
11:03 Double-Bit Axe
13:26 Castle Age
11:25 Horse Collar
15:00 Bow Saw
19:12 Heavy Plow
21:58 Wheelbarrow
21:27 Gold Mining
23:03 Stone Mining
25:51 Hand Cart
28:33 Imperial Age
25:50 Town Watch
27:14 Fletching
27:45 Ballistics
28:01 Bodkin Arrow
29:20 Bracer
30:22 Chemistry
29:33 Padded Archer Armor
30:13 Elite Skirmisher
30:51 Loom
30:39 Cavalier
31:20 Husbandry
31:31 Bloodlines
31:28 Scale Barding Armor
33:39 Chain Barding Armor
36:16 Plate Barding Armor
35:52 Forging
36:30 Vendel Legacy
39:02 Conscription
39:21 Iron Casting
42:06 Coinage
42:42 Two-Man Saw
42:13 Crop Rotation
42:19 Stone Shaft Mining
42:55 Blast Furnace
43:52 Leather Archer Armor
43:44 Siege Engineers
48:27 Scale Mail Armor
49:00 Ring Archer Armor
48:31 Scale Mail Armor
48:12 Light Cavalry
49:10 Hussar
55:43 Chain Mail Armor
57:26 Caravan
57:56 Banking
59:00 Plate Mail Armor
59:15 Guilds
62:35 Pikeman
63:16 Squires
63:25 Arson
65:02 Halberdier
69:27 Elite Varangian Guard
71:19 Elite Varangian Guard
Harristotle
10:34 Feudal Age
14:14 Castle Age
13:13 Double-Bit Axe
14:11 Scale Mail Armor
14:22 Forging
14:04 Horse Collar
14:30 Loom
15:49 Wheelbarrow
19:16 Fletching
25:52 Bodkin Arrow
34:20 Imperial Age
32:04 Gold Mining
32:05 Stone Mining
32:48 Bow Saw
33:31 Chain Mail Armor
34:30 Iron Casting
34:04 Heavy Plow
36:36 Plate Mail Armor
37:44 Conscription
37:54 Fortified Wall
37:28 Treadmill Crane
37:59 Masonry
39:56 Hand Cart
40:07 Pikeman
40:54 Squires
40:40 Gambesons
44:22 Gambesons
45:22 Halberdier
47:02 Capped Ram
47:31 Arson
51:49 Gold Shaft Mining
52:17 Town Watch
52:41 Bracer
58:38 Conscription
59:16 Shield Wall
63:16 Elite Hearth Troop
66:40 Caravan
68:09 Hoardings
70:15 Architecture
73:15 Siege Ram
chiwire
9:07 Feudal Age
13:12 Castle Age
11:23 Double-Bit Axe
13:54 Horse Collar
16:10 Loom
20:56 Bow Saw
23:46 Wheelbarrow
23:35 Gold Mining
25:32 Hand Cart
25:02 Town Watch
25:44 Heavy Plow
27:01 Gold Shaft Mining
26:20 Stone Mining
29:59 Imperial Age
27:25 Fletching
27:36 Padded Archer Armor
28:28 Bodkin Arrow
29:27 Stone Shaft Mining
29:40 Ballistics
29:56 Leather Archer Armor
30:47 Scale Barding Armor
30:53 Forging
31:07 Conscription
31:55 Chemistry
32:04 Chain Barding Armor
31:21 Elite Steppe Lancer
32:27 Bloodlines
32:18 Husbandry
33:11 Iron Casting
34:47 Bracer
35:42 Light Cavalry
37:54 Hussar
41:04 Elite Mangudai
42:49 Blast Furnace
42:33 Drill
43:15 Capped Ram
44:27 Siege Ram
49:54 Caravan
78:07 Thumb Ring
CTM | SUNYQ
11:00 Feudal Age
15:27 Castle Age
13:19 Double-Bit Axe
13:20 Horse Collar
14:30 Gold Mining
21:11 Bow Saw
23:48 Scale Barding Armor
24:55 Wheelbarrow
24:06 Loom
24:06 Town Watch
24:47 Heavy Plow
25:20 Forging
30:46 Imperial Age
29:10 Hand Cart
30:07 Chain Barding Armor
30:22 Iron Casting
31:05 Gold Shaft Mining
30:20 Stone Mining
31:10 Bloodlines
31:00 Husbandry
32:08 Chemistry
31:37 Husbandry
30:58 Cavalier
32:12 Padded Archer Armor
32:48 Plate Barding Armor
33:13 Blast Furnace
34:34 Leather Archer Armor
35:20 Blast Furnace
36:35 Town Patrol
36:59 Conscription
36:02 Elite War Elephant
37:58 Two-Man Saw
37:27 Masonry
37:25 Savar
39:00 Ring Archer Armor
39:49 Citadels
40:23 Crop Rotation
40:18 Light Cavalry
42:34 Hussar
47:57 Fletching
51:22 Bodkin Arrow
55:41 Hussar
58:38 Kamandaran
58:03 Crossbowman
58:48 Thumb Ring
60:16 Ballistics
60:26 Architecture
64:23 Caravan
Rhapcore
11:05 Feudal Age
12:07 Double-Bit Axe
15:36 Castle Age
13:53 Horse Collar
19:55 Man-at-Arms
23:53 Heavy Plow
23:46 Gold Mining
24:07 Bow Saw
25:58 Long Swordsman
26:43 Two-Handed Swordsman
32:37 Wheelbarrow
32:19 Squires
33:11 Arson
35:30 Loom
39:15 Imperial Age
36:38 Gambesons
37:19 Champion
38:20 Fortified Wall
38:56 Pikeman
40:07 Halberdier
40:30 Capped Ram
41:32 Hand Cart
43:13 Forging
43:04 Scale Mail Armor
45:35 Town Watch
50:50 Iron Casting
50:31 Chain Mail Armor
53:03 Blast Furnace
52:18 Chain Mail Armor
56:46 Chain Mail Armor
58:11 Conscription
58:07 Fereters
58:39 Elite Skirmisher
61:43 Town Patrol
63:35 Caravan
63:32 Heavy Scorpion
65:05 Plate Mail Armor
72:13 Chemistry
77:57 Padded Archer Armor
77:47 Fletching
79:20 Bodkin Arrow
79:41 Leather Archer Armor
80:01 Ballistics
81:47 Siege Ram
CTM | SamDestroyer
7:02 Loom
9:43 Feudal Age
10:56 Fletching
14:08 Double-Bit Axe
Connection lost

Rejoining the realm…

Still unreachable

The connection could not be restored.

Session expired

The server has moved on; the page needs a fresh start.